 Dungeon Crawl Stone Soup version 0.20-a0-453-g91466d2 (webtiles) character file.

217 Kriby the Magician (level 5, 0/35 HPs)
             Began as a Mummy Fire Elementalist on Jan 8, 2017.
             Slain by an orc wizard
             ... wielding a +0 dagger
              (1 damage)
             ... on level 3 of the Dungeon.
             The game lasted 00:04:45 (4343 turns).

Kriby the Magician (Mummy Fire Elementalist)        Turns: 4343, Time: 00:04:45

Health: 0/35       AC:  5    Str: 11    XL:     5   Next: 61%
Magic:  2/11       EV: 12    Int: 16    God:
Gold:   181        SH:  0    Dex: 12    Spells: 2/12 levels left

rFire  x . .     SeeInvis .     k - +2 quarterstaff (chaos)
rCold  + . .     Gourm    .     a - +0 robe
rNeg   + + +     Faith    .     (shield currently unavailable)
rPois  ∞         Spirit   .     (no helmet)
rElec  .         Reflect  .     l - +2 cloak
rCorr  .         Harm     .     (no gloves)
MR     .....                    (no boots)
Stlth  ++........               i - amulet of inaccuracy (curse)
                                (no ring)
                                (no ring)

@: very slightly contaminated
A: no food or potions, fire vulnerability, cold resistance 1, negative energy
resistance 3, torment resistance, unbreathing
a: no special abilities


You were on level 3 of the Dungeon.
You were not hungry.

You visited 1 branch of the dungeon, and saw 4 of its levels.

You collected 181 gold pieces.

Inventory:

Hand Weapons
 k - a +2 quarterstaff of chaos (weapon)
Missiles
 g - 4 tomahawks (quivered)
Armour
 a - a +0 robe (worn)
 l - a +2 cloak (worn)
Jewellery
 d - an uncursed ring of magical power {unknown}
 i - a cursed amulet of inaccuracy (around neck)
 m - an uncursed ring of stealth {unknown}
Wands
 f - a wand of iceblast (5/15)
Scrolls
 c - 2 scrolls of identify
 e - 2 scrolls of magic mapping
 j - a scroll of noise {unknown}
 n - 2 scrolls of enchant armour {unknown}
Books
 b - a book of Flames

   Spells                             Type                      Level
   a - Flame Tongue                   Conjuration/Fire             1
   b - Throw Flame                    Conjuration/Fire             2
   c - Conjure Flame                  Conjuration/Fire             3
   d - Inner Flame                    Hexes/Fire                   3
   e - Sticky Flame                   Conjuration/Fire             4
   f - Fireball                       Conjuration/Fire             5


   Skills:
 - Level 1.5 Dodging
 - Level 1.5 Stealth
 + Level 4.2 Spellcasting
 * Level 3.2 Conjurations
 + Level 3.4 Fire Magic


You had 2 spell levels left.
You knew the following spells:

 Your Spells              Type           Power        Failure   Level  Hunger
a - Flame Tongue          Conj/Fire      ##...        6%          1    N/A
b - Conjure Flame         Conj/Fire      ##......     14%         3    N/A
c - Sticky Flame          Conj/Fire      ##......     50%         4    N/A
d - Throw Flame           Conj/Fire      ##....       10%         2    N/A

Dungeon Overview and Level Annotations

Branches:
Dungeon (4/15)
 Temple: D:4-7

Altars:
Elyvilon
Kikubaaqudgha
Qazlal
Vehumet


Innate Abilities, Weirdness & Mutations

You do not eat or drink.
Your flesh is vulnerable to fire.
You are immune to poison.
Your flesh is cold resistant. (rC+)
You are immune to negative energy. (rN+++)
You are immune to unholy pain and torment.
You can survive without breathing.


Message History

Confirm with . or Enter, or press ? or * to list all spells.
Aiming: Flame Tongue
Press: ? - help, Shift-Dir - straight line, f/p - adder
Aim: an adder (almost dead)
The flame tongue hits the adder.
You kill the adder!
Something hits you but does no damage.
Casting: Flame Tongue
Confirm with . or Enter, or press ? or * to list all spells.
You can't see any susceptible monsters within range! (Use Z to cast anyway.)
Casting: Flame Tongue
Confirm with . or Enter, or press ? or * to list all spells.
You can't see any susceptible monsters within range! (Use Z to cast anyway.)
Casting: Flame Tongue
Confirm with . or Enter, or press ? or * to list all spells.
Okay, then.
As you read the scroll labeled YTIAMM TATYI, it crumbles to dust.
The creatures around you are filled with an inner flame!
It was a scroll of immolation.
Something hits you.
You die...

########## #........#
#........# #........#
#........#
#####........#####
#@†.(.............
#{###........####.
####.################
#....................
#######.###################
#................#
#.......#........#
#.......#........#
#.......#........#


There were no monsters in sight!

Vanquished Creatures
  A scorpion (D:3)
  Crazy Yiuf (D:2)
  Terence (D:2)
  3 adders (D:3)
  2 oozes
  4 dart slugs
  4 leopard geckos
  4 orcs
  A giant cockroach (D:2)
  7 goblins
  8 hobgoblins
  2 jackals (D:3)
  A ball python (D:2)
  3 bats
  2 frilled lizards (D:1)
  6 kobolds
  10 rats
60 creatures vanquished.

Vanquished Creatures (others)
  A bat (D:3)
  A ball python (D:3)
2 creatures vanquished.

Grand Total: 62 creatures vanquished

Notes
Turn   | Place    | Note
-------+----------+-------------------------------------------
     0 | D:1      | Kriby the Mummy Fire Elementalist began the quest for the Orb.
     0 | D:1      | Reached XP level 1. HP: 13/13 MP: 4/4
   239 | D:1      | Reached skill level 1 in Conjurations
   507 | D:1      | Reached XP level 2. HP: 19/19 MP: 1/5
   917 | D:1      | Reached skill level 3 in Spellcasting
  1273 | D:1      | Reached XP level 3. HP: 20/24 MP: 2/7
  1593 | D:2      | Noticed Terence
  1602 | D:1      | Learned a level 3 spell: Conjure Flame
  1630 | D:2      | Found an ancient bone altar of Kikubaaqudgha.
  2037 | D:2      | Killed Terence
  2193 | D:2      | Reached XP level 4. HP: 26/30 MP: 2/9
  2528 | D:2      | Found a runed door.
  2662 | D:2      | Found a radiant altar of Vehumet.
  2784 | D:2      | Learned a level 4 spell: Sticky Flame
  2787 | D:2      | Learned a level 2 spell: Throw Flame
  3141 | D:2      | Noticed Crazy Yiuf
  3148 | D:2      | Killed Crazy Yiuf
  3492 | D:3      | Found a white marble altar of Elyvilon.
  3691 | D:3      | Found a stormy altar of Qazlal.
  3783 | D:3      | Reached XP level 5. HP: 35/35 MP: 7/10
  3881 | D:3      | Reached skill level 4 in Spellcasting
  4341 | D:3      | HP: 1/35 [something (2)]
  4343 | D:3      | Slain by an orc wizard

Vault maps used:
D:1:      dpeg_arrival_morbid_curiosity
D:2:      vehumet_crystals, kiku_gazebo_pond_becter, uniq_crazy_yiuf_cottage,
          uniq_terence
D:3:      elyvilon_altar_4, lemuel_coloured_pillars_altar
D:4:      lemuel_doored_altar, kennysheep_little_box, kennysheep_mini_moat,
          grunt_gozag_breadcrumbs, nemelex_dance_club_becter, uniq_duvessa,
          uniq_edmund

Skill      XL: |  1  2  3  4  5 |
---------------+----------------+-----
Conjurations   | 1 2 3 |  3.2
Spellcasting   | 3 4 |  4.2
Fire Magic     | 3 |  3.4
Dodging        | |  1.5
Stealth        | |  1.5

Action                   |  1- 3 |  4- 6 || total
-------------------------+-------+-------++-------
Melee: Unarmed           |    15 |       ||    15
       Mace              |     3 |     1 ||     4
       Quarterstaff      |       |     7 ||     7
Throw: Tomahawk          |     3 |       ||     3
 Cast: Flame Tongue      |    62 |    78 ||   140
       Conjure Flame     |     2 |     1 ||     3
  Use: Scroll            |       |     4 ||     4
Armor: Robe              |     6 |    19 ||    25
Dodge: Dodged            |    25 |    39 ||    64
